 Seeded DCSS version 0.27.1-1-g398f81649c (webtiles) character file.

Game seed: 16833236049872184031 (custom seed)

158 aster the Insei (level 5, -1/33 HPs)
             Began as an Octopode Transmuter on Sept 13, 2021.
             Slain by an orc (3 damage)
             ... on level 4 of the Dungeon.
             The game lasted 00:07:25 (3093 turns).

aster the Insei (Octopode Transmuter)               Turns: 3093, Time: 00:07:26

Health: -1/33      AC:  1    Str:  9    XL:     5   Next: 39%
Magic:  8/8        EV: 14    Int: 18    God:
Gold:   149        SH:  0    Dex: 17    Spells: 6/8 levels left

rFire    x . .     SeeInvis +     - Unarmed
rCold    + + .     Faith    .   (no shield)
rNeg     . . .     Spirit   .   g - +0 hat of Gozag's Delight {rC++ Dex-3 Slay+5 SInv}
rPois    .         Reflect  .   (no amulet)
rElec    +         Harm     .   d - ring of see invisible
rCorr    .         Rampage  .   b - ring "Senoik" {rElec rF- Int+3 Dex+6}
Will     .....                  (no ring)
Stlth    +++.......             (no ring)
HPRegen  0.11/turn              (no ring)
MPRegen  0.11/turn              (no ring)
                                (no ring)
                                (no ring)

@: no status effects
A: almost no armour, amphibious, 8 rings, camouflage 1, gelatinous body 1,
(nimble swimmer 1), tentacles
a: no special abilities


You were on level 4 of the Dungeon.
You visited 1 branch of the dungeon, and saw 4 of its levels.

You collected 149 gold pieces.

Inventory:

Armour
 g - the +0 hat of Gozag's Delight (worn) {rC++ Dex-3 Slay+5 SInv}
   (You acquired it on level 1 of the Dungeon)

   Dex:       It affects your dexterity (-3).
   Slay:      It affects your accuracy & damage with ranged weapons and melee
   (+5).
   rC:        It greatly protects you from cold.
   SInv:      It lets you see invisible.
Jewellery
 b - the ring "Senoik" (right tentacle) {rElec rF- Int+3 Dex+6}
   (You acquired it on level 1 of the Dungeon)

   [ring of dexterity]

   Int:       It affects your intelligence (+3).
   Dex:       It affects your dexterity (+6).
   rF:        It makes you vulnerable to fire.
   rElec:     It insulates you from electricity.
 d - a ring of see invisible (left tentacle)
Scrolls
 c - 2 scrolls of brand weapon {unknown}
 i - a scroll of enchant weapon {unknown}
 j - a scroll of vulnerability {unknown}
 k - a scroll of teleportation {unknown}
Potions
 a - a potion of lignification
 e - a potion of might
 h - 3 potions of heal wounds


   Skills:
 - Level 1.3 Fighting
 + Level 2.6 Dodging
 + Level 2.2 Stealth
 * Level 4.2 Unarmed Combat
 + Level 2.4 Spellcasting
 * Level 1.0 Hexes
 + Level 2.8 Transmutations


You had 6 spell levels left.
You knew the following spells:

 Your Spells              Type           Power      Damage    Failure   Level
a - Beastly Appendage     Tmut           24%        N/A       5%          1
b - Corona                Hex            5%         N/A       12%         1

Your spell library contained the following spells:

 Spells                   Type           Power      Damage    Failure   Level
 Wereblood                Tmut           12%        N/A       9%          2
 Passwall                 Tmut/Erth      5%         N/A       14%         2
 Ensorcelled Hibernation  Hex/Ice        8%         N/A       22%         2
 Spider Form              Tmut/Pois      3%         N/A       28%         3
 Tukima's Dance           Hex            5%         N/A       34%         3
 Portal Projectile        Hex/Tloc       8%         N/A       38%         3
 Summon Guardian Golem    Hex/Summ       4%         N/A       38%         3
 Ice Form                 Ice/Tmut       7%         N/A       67%         4
 Blade Hands              Tmut           6%         N/A       83%         5
 Excruciating Wounds      Necr           1%         N/A       99%         5
 Invisibility             Hex            2%         N/A       100%        6


Dungeon Overview and Level Annotations

Branches:
Dungeon (4/15)
 Temple: D:4-7

Altars:
Nemelex Xobeh
Yredelemnul


Innate Abilities, Weirdness & Mutations

You cannot wear most types of armour.
You are amphibious.
You can wear up to eight rings at the same time.
Your skin changes colour to match your surroundings (Stealth+).
Your rubbery body absorbs attacks. (AC +1, EV +1)
((You are camouflaged near water. (Stealth+)))
You have tentacles for arms and can constrict up to eight enemies at once.


Message History

You bludgeon the adder skeleton! You grab the adder skeleton.
The adder skeleton is heavily damaged.
You constrict the adder skeleton. The adder skeleton barely misses you.
You tentacle-slap the adder skeleton.
The adder skeleton is almost destroyed.
You constrict the adder skeleton.
You destroy the adder skeleton!
No target in view!
Found 6 gold pieces.
Found a scroll labelled ABUHAMUNOS.
You now have 149 gold pieces (gained 6).
An orc priest comes into view.
It is wielding a +2 trident of holy wrath.
An orc priest is nearby!
An orc comes into view. It is wielding a +0 club.
An orc comes into view. It is wielding a +0 short sword.
You see here a scroll labelled ABUHAMUNOS.
A worm and an orc come into view.
The orc priest shouts!
The orc shouts! x3
Casting: Beastly Appendage (safe; 5% risk of failure)
Confirm with . or Enter, or press ? or * to list all spells.
Okay, then.
The orc priest invokes the aid of Beogh against you.
Beogh smites you!
You closely miss the orc priest. Your grab misses the orc priest.
Your tentacle-slap misses the orc priest.
The orc hits you with a +0 club.
The orc priest hits you with a +2 trident of holy wrath!
* * * LOW HITPOINT WARNING * * *
The orc drinks a potion.
The orc seems to speed up.
You are too injured to fight recklessly!
You tentacle-slap the orc priest. Your grab misses the orc priest.
Your squeeze misses the orc priest.
The orc priest is moderately wounded.
The orc hits you with a +0 club.
* * * LOW HITPOINT WARNING * * *
The orc priest completely misses you.
You tentacle-slap the orc priest. Your grab misses the orc priest.
The orc priest is severely wounded.
The orc barely misses you. The orc hits you with a +0 club.
You die...

#................
#...............#
#......<........#
#...............#
#...........###.#
#?..........# #.#
########........####
#.#
................# .#
......o@....##+##
......oo.......
.....o..........
................
........w.......
................
...............
.......######..


You could see a worm, an orc priest and 3 orcs.

Vanquished Creatures
  Jessica (D:3)
  A hound skeleton (D:4)
  5 adders
  An adder skeleton (D:4)
  A worm (D:2)
  3 dart slugs (D:2)
  8 ball pythons
  3 bats
  5 endoplasms
  2 giant cockroaches
  6 goblins
  6 hobgoblins
  7 kobolds
  2 quokkas
  7 frilled lizards
  8 rats
66 creatures vanquished.

Notes
Turn   | Place    | Note
-------+----------+-------------------------------------------
     0 | D:1      | aster the Octopode Transmuter began the quest for the Orb.
     0 | D:1      | Reached XP level 1. HP: 13/13 MP: 3/3
   165 | D:1      | Reached XP level 2. HP: 11/18 MP: 5/5
   324 | D:1      | Found a faded altar of an unknown god.
   441 | D:1      | Reached skill level 1 in Stealth
   617 | D:1      | Reached XP level 3. HP: 20/23 MP: 6/6
  1143 | D:1      | Identified 3 scrolls of acquirement
  1143 | D:1      | Acquired the +0 hat of Gozag's Delight {rC++ Dex-3 Slay+5
                  | SInv}
  1150 | D:1      | Acquired the Incunabulum of Captivating Shape Shifting
  1152 | D:1      | Acquired the ring "Senoik" {rElec rF- Int+3 Dex+6}
  1229 | D:2      | Found a basalt altar of Yredelemnul.
  1553 | D:2      | Reached XP level 4. HP: 18/28 MP: 5/7
  2303 | D:2      | Learned a level 1 spell: Corona
  2309 | D:2      | Reached skill level 4 in Unarmed Combat
  2502 | D:3      | Noticed Jessica
  2506 | D:3      | Killed Jessica
  2507 | D:3      | Reached XP level 5. HP: 31/33 MP: 8/8
  2834 | D:4      | Found a sparkling altar of Nemelex Xobeh.
  2867 | D:4      | Reached skill level 1 in Hexes
  3093 | D:4      | Slain by an orc

Illustrated notes

Levels and vault maps discovered:
D:1:      dpeg_arrival_round_b, layout_basic, shapermc_ecumenical_altar_ellora
D:2:      layout_basic, basic_altar, minmay_small_reverse_x
D:3:      layout_rooms, kennysheep_jessica_study
D:4:      layout_basic, mainiacjoe_overflow_alcove_2,
          mainiacjoe_overflow_24_doors, lightli_corner_chamber

Skill      XL: |  1  2  3  4  5 |
---------------+----------------+-----
Stealth        | 1 2 |  2.2
Unarmed Combat | 4 |  4.2
Hexes          | 1 |  1.0
Fighting       | |  1.3
Dodging        | |  2.6
Spellcasting   | |  2.4
Transmutations | |  2.8

Action                   |  1- 3 |  4- 6 || total
-------------------------+-------+-------++-------
Melee: Unarmed           |    70 |    52 ||   122
       Constrict         |    15 |    14 ||    29
       Tentacles         |    12 |    10 ||    22
       Punch             |     1 |     3 ||     4
       Kick              |     1 |       ||     1
 Cast: Beastly Appendage |     1 |       ||     1
  Use: Scroll            |     3 |     3 ||     6
 Stab: Sleeping          |     5 |     9 ||    14
Armor: Skin              |     1 |       ||     1
Dodge: Dodged            |    39 |    27 ||    66
